PUBA
BROOKLYN SUPERBAS @ ABERDEEN COBAINS
05/22/1972
 
TOP OF THE 1ST
Brooklyn Superbas batting - Pitching for Aberdeen Cobains : RHP Lawrence Hastings
Pitching: RHP Lawrence Hastings
Batting: LHB Justin Hoffman 0-0: Foul Ball, location: 2F
0-1: Swinging Strike
0-2: Ball
1-2: Ground out U3 (Groundball, 3, EV 101.9 MPH)
Batting: RHB Andrew Pearson 0-0: Ball
1-0: Called Strike
1-1: Ball
2-1: Foul Ball, location: 3F
2-2: Fly out, F7 (Flyball, 78M, EV 95.0 MPH)
Batting: LHB Billy L Williams 0-0: SOLO HOME RUN (Flyball, 9D, EV 95.0 MPH), Distance : 381 ft
Batting: RHB Ray Wagner 0-0: Called Strike
0-1: SINGLE (Groundball, 6MD, EV 99.4 MPH)
Batting: RHB Ken Cross 0-0: Called Strike
0-1: Ball
1-1: Foul Ball, location: 2RF
1-2: Ball
2-2: Foul Ball, location: 2F
2-2: Ball
3-2: Strikes out swinging
Top of the 1st over - 1 run, 2 hits, 0 errors, 1 left on base; Brooklyn 1 - Aberdeen 0
BOTTOM OF THE 1ST
Aberdeen Cobains batting - Pitching for Brooklyn Superbas : LHP Andre Hopkins
Pitching: LHP Andre Hopkins
Batting: RHB Dave Baker 0-0: Ball
1-0: DOUBLE (Line Drive, 9LD, EV 110.0 MPH)
Batting: SHB Alejandro Castillo 0-0: Ball
1-0: Called Strike
1-1: Called Strike
1-2: SINGLE (Groundball, 6MD, EV 106.9 MPH)
Dave Baker to third
Runner from 3rd tries for Home, SAFE, throw by CF to home
Batting: SHB Bastien Tortorella 0-0: Called Strike
0-1: Swinging Strike
0-2: Ball
1-2: Fly out, F7 (Flyball, 7S, EV 82.5 MPH)
Batting: LHB Kenny Cunningham 0-0: Ball
1-0: Ball
2-0: Ball
3-0: Called Strike
3-1: Base on Balls
Alejandro Castillo to second
Batting: RHB Chuck Douglas 0-0: Ball
1-0: Grounds into double play, 3-6-1 (Groundball, 3, EV 78.8 MPH)
Bottom of the 1st over - 1 run, 2 hits, 0 errors, 1 left on base; Brooklyn 1 - Aberdeen 1
TOP OF THE 2ND
Brooklyn Superbas batting - Pitching for Aberdeen Cobains : RHP Lawrence Hastings
Batting: RHB Alvin Dickerson 0-0: Called Strike
0-1: Ball
1-1: Fly out, F8 (Flyball, 8RS, EV 86.9 MPH)
Batting: RHB Cito Gaston 0-0: Called Strike
0-1: Foul Ball, location: 9LDF
0-2: Strikes out swinging
Batting: RHB Alejandro Luna 0-0: Ball
1-0: Ball
2-0: Foul Ball, location: 9LSF
2-1: Ball
3-1: Called Strike
3-2: Ground out 6-3 (Groundball, 6, EV 103.1 MPH)
Top of the 2nd over - 0 runs, 0 hits, 0 errors, 0 left on base; Brooklyn 1 - Aberdeen 1
BOTTOM OF THE 2ND
Aberdeen Cobains batting - Pitching for Brooklyn Superbas : LHP Andre Hopkins
Batting: LHB Roy Edwards 0-0: Ball
1-0: Foul Ball, location: 23F
1-1: Foul Ball, location: 2F
1-2: Ball
2-2: Strikes out swinging
Batting: LHB Patrick Milledge 0-0: Called Strike
0-1: Foul Ball, location: 5F
0-2: Ball
1-2: Ground out 3-1 (Groundball, 34S, EV 86.3 MPH)
Batting: RHB Reese Lewis 0-0: Called Strike
0-1: Called Strike
0-2: Foul Ball, location: 3F
0-2: Ball
1-2: Ball
2-2: SOLO HOME RUN (Flyball, 78XD, EV 110.0 MPH), Distance : 402 ft
Batting: LHB José Alba 0-0: Ground out 5-3 (Groundball, 56, EV 89.4 MPH)
Bottom of the 2nd over - 1 run, 1 hit, 0 errors, 0 left on base; Brooklyn 1 - Aberdeen 2
TOP OF THE 3RD
Brooklyn Superbas batting - Pitching for Aberdeen Cobains : RHP Lawrence Hastings
Batting: LHB Raúl Moreno 0-0: Ground out 6-3 (Groundball, 6M, EV 84.4 MPH)
Batting: LHB Justin Hoffman 0-0: Called Strike
0-1: Ball
1-1: Ball
2-1: Ball
3-1: Base on Balls
Batting: RHB Andrew Pearson 0-0: Ball
1-0: Swinging Strike
1-1: Ball
2-1: Ball
Justin Hoffman steals 2nd base
3-1: Ground out 3-1 (Groundball, 34, EV 98.1 MPH)
Justin Hoffman to third
Batting: LHB Billy L Williams 0-0: Called Strike
0-1: Fly out, F8 (Flyball, 8LM, EV 76.3 MPH)
Top of the 3rd over - 0 runs, 0 hits, 0 errors, 1 left on base; Brooklyn 1 - Aberdeen 2
BOTTOM OF THE 3RD
Aberdeen Cobains batting - Pitching for Brooklyn Superbas : LHP Andre Hopkins
Batting: RHB Dave Baker 0-0: Called Strike
0-1: Ball
1-1: Called Strike
1-2: Ball
2-2: Ground out 6-3 (Groundball, 6, EV 85.6 MPH)
Batting: SHB Alejandro Castillo 0-0: Called Strike
0-1: Swinging Strike
0-2: Reached via error on a dropped throw from 1B, E1 (Groundball, 34, EV 84.4 MPH)
Batting: SHB Bastien Tortorella 0-0: Foul Ball, location: 9LDF
0-1: Fly out, F8 (Flyball, 8LXD, EV 103.1 MPH)
Batting: LHB Kenny Cunningham 0-0: Ball
1-0: Ball
2-0: Ball
3-0: Base on Balls
Alejandro Castillo to second
Batting: RHB Chuck Douglas 0-0: Fly out, F8 (Flyball, 8LD, EV 106.3 MPH)
Bottom of the 3rd over - 0 runs, 0 hits, 1 error, 2 left on base; Brooklyn 1 - Aberdeen 2
TOP OF THE 4TH
Brooklyn Superbas batting - Pitching for Aberdeen Cobains : RHP Lawrence Hastings
Batting: RHB Ray Wagner 0-0: Swinging Strike
0-1: Ball
1-1: Foul Ball, location: 2F
1-2: SINGLE (Line Drive, 9S, EV 101.3 MPH)
Batting: RHB Ken Cross 0-0: Ball
1-0: Foul Ball, location: 2F
1-1: Swinging Strike
1-2: Ball
2-2: Ball
3-2: Strikes out looking
Batting: RHB Alvin Dickerson Pickoff Throw to First - Out! 1-3
0-0: Called Strike
0-1: Foul Ball, location: 2F
0-2: DOUBLE (Line Drive, 89D, EV 99.4 MPH)
Batting: RHB Cito Gaston 0-0: Foul Ball, location: 7LDF
0-1: 2-RUN HOME RUN (Flyball, 89XD, EV 101.9 MPH), Distance : 421 ft
Batting: RHB Alejandro Luna 0-0: Ball
1-0: Foul Ball, location: 2F
1-1: Swinging Strike
1-2: Ball
2-2: Foul Ball, location: 2F
2-2: Strikes out swinging
Top of the 4th over - 2 runs, 3 hits, 0 errors, 0 left on base; Brooklyn 3 - Aberdeen 2
BOTTOM OF THE 4TH
Aberdeen Cobains batting - Pitching for Brooklyn Superbas : LHP Andre Hopkins
Batting: LHB Roy Edwards 0-0: SINGLE (Line Drive, 56D, EV 101.9 MPH)
Batting: LHB Patrick Milledge 0-0: Sac Bunt to 15S - play at first, batter OUT! 1-3
Roy Edwards to second
Batting: RHB Reese Lewis 0-0: Ball
1-0: Called Strike
Roy Edwards steals 3rd base
1-1: 2-RUN HOME RUN (Flyball, 9D, EV 96.3 MPH), Distance : 370 ft
Batting: LHB José Alba 0-0: Called Strike
0-1: Foul Ball, location: 2F
0-2: Ball
1-2: Ground out 6-3 (Groundball, 56, EV 106.9 MPH)
Batting: RHB Dave Baker 0-0: Ball
1-0: Foul Ball, location: 2LF
1-1: SOLO HOME RUN (Flyball, 7LD, EV 96.3 MPH), Distance : 344 ft
Batting: SHB Alejandro Castillo 0-0: Ball
1-0: Ball
2-0: Ball
3-0: Called Strike
3-1: Foul Ball, location: 9LSF
3-2: Foul Ball, location: 3DF
3-2: Ground out 4-3 (Groundball, 4, EV 88.8 MPH)
Bottom of the 4th over - 3 runs, 3 hits, 0 errors, 0 left on base; Brooklyn 3 - Aberdeen 5
TOP OF THE 5TH
Brooklyn Superbas batting - Pitching for Aberdeen Cobains : RHP Lawrence Hastings
Batting: LHB Raúl Moreno 0-0: Ground out U3 (Groundball, 34, EV 81.9 MPH)
Batting: LHB Justin Hoffman 0-0: Foul Ball, location: 2F
0-1: Ball
1-1: Called Strike
1-2: Strikes out swinging
Batting: RHB Andrew Pearson 0-0: Called Strike
0-1: Ball
1-1: Foul Ball, location: 2F
1-2: Ball
2-2: DOUBLE (Groundball, 3D, EV 105.6 MPH)
Batting: LHB Billy L Williams 0-0: Ground out 4-3 (Groundball, 4S, EV 90.0 MPH)
Top of the 5th over - 0 runs, 1 hit, 0 errors, 1 left on base; Brooklyn 3 - Aberdeen 5
BOTTOM OF THE 5TH
Aberdeen Cobains batting - Pitching for Brooklyn Superbas : LHP Andre Hopkins
Batting: SHB Bastien Tortorella 0-0: Called Strike
0-1: Ball
1-1: Ball
2-1: Foul Ball, location: 9LSF
2-2: Ball
3-2: Foul Ball, location: 2F
3-2: Base on Balls
Batting: LHB Kenny Cunningham 0-0: Ball
1-0: SINGLE (Groundball, 4MD, EV 94.4 MPH)
Bastien Tortorella to second
Batting: RHB Chuck Douglas 0-0: Ball
1-0: Ball
2-0: Ball
3-0: Base on Balls
Bastien Tortorella to third
Kenny Cunningham to second
Batting: LHB Roy Edwards 0-0: Ball
1-0: Fly out, F7 (Line Drive, 7D, EV 86.3 MPH)
Runner from 3rd tags up, SCORES, no throw by LF
Kenny Cunningham to third
Pitching: RHP Joe Ives
Batting: LHB Patrick Milledge 0-0: Called Strike
0-1: Swinging Strike
0-2: Ball
1-2: SINGLE (Groundball, 6MD, EV 106.3 MPH)
Kenny Cunningham scores
Chuck Douglas to second
Batting: RHB Reese Lewis 0-0: Ball
1-0: Ball
2-0: Ball
3-0: Base on Balls
Chuck Douglas to third
Patrick Milledge to second
Batting: LHB José Alba 0-0: Called Strike
0-1: Swinging Strike
0-2: Ball
1-2: Strikes out looking
Batting: RHB Dave Baker 0-0: Ball
1-0: Ball
2-0: Foul Ball, location: 9LSF
2-1: Foul Ball, location: 5F
2-2: Strikes out swinging
Bottom of the 5th over - 2 runs, 2 hits, 0 errors, 3 left on base; Brooklyn 3 - Aberdeen 7
TOP OF THE 6TH
Brooklyn Superbas batting - Pitching for Aberdeen Cobains : RHP Lawrence Hastings
Batting: RHB Ray Wagner 0-0: Ball
1-0: Foul Ball, location: 23FF
1-1: Foul Ball, location: 3DF
1-2: Ball
2-2: Foul Ball, location: 9LMF
2-2: Strikes out swinging
Batting: RHB Ken Cross 0-0: Foul Ball, location: 2F
0-1: Ball
1-1: Foul Ball, location: 23F
1-2: Fly out, F9 (Flyball, 9D, EV 93.8 MPH)
Batting: RHB Alvin Dickerson 0-0: Ball
1-0: Foul Ball, location: 3F
1-1: SINGLE (Line Drive, 6M, EV 108.1 MPH)
Batting: RHB Cito Gaston 0-0: Called Strike
0-1: Swinging Strike
0-2: Strikes out swinging
Top of the 6th over - 0 runs, 1 hit, 0 errors, 1 left on base; Brooklyn 3 - Aberdeen 7
BOTTOM OF THE 6TH
Aberdeen Cobains batting - Pitching for Brooklyn Superbas : RHP Joe Ives
Batting: SHB Alejandro Castillo 0-0: Ball
1-0: Foul Ball, location: 25F
1-1: Ball
2-1: Ball
3-1: Called Strike
3-2: Strikes out swinging
Batting: SHB Bastien Tortorella 0-0: Swinging Strike
0-1: Foul Ball, location: 2LF
0-2: Ball
1-2: Strikes out swinging
Batting: LHB Kenny Cunningham 0-0: SOLO HOME RUN (Flyball, 78XD, EV 101.9 MPH), Distance : 409 ft
Batting: RHB Chuck Douglas 0-0: Ball
1-0: Foul Ball, location: 5F
1-1: Called Strike
1-2: Ball
2-2: Strikes out swinging
Bottom of the 6th over - 1 run, 1 hit, 0 errors, 0 left on base; Brooklyn 3 - Aberdeen 8
TOP OF THE 7TH
Brooklyn Superbas batting - Pitching for Aberdeen Cobains : RHP Lawrence Hastings
Batting: RHB Alejandro Luna 0-0: Ball
1-0: Ball
2-0: Called Strike
2-1: Ball
3-1: Foul Ball, location: 9LDF
3-2: Base on Balls
Batting: LHB Raúl Moreno 0-0: Ball
1-0: Called Strike
1-1: Ball
2-1: Swinging Strike
2-2: Strikes out looking
Batting: LHB Justin Hoffman 0-0: Fly out, F8 (Flyball, 89M, EV 95.0 MPH)
Batting: RHB Andrew Pearson 0-0: Ball
1-0: Ball
2-0: Swinging Strike
2-1: Swinging Strike
2-2: Strikes out swinging
Top of the 7th over - 0 runs, 0 hits, 0 errors, 1 left on base; Brooklyn 3 - Aberdeen 8
BOTTOM OF THE 7TH
Aberdeen Cobains batting - Pitching for Brooklyn Superbas : RHP Joe Ives
Batting: LHB Roy Edwards 0-0: Ground out 4-3 (Groundball, 4, EV 85.6 MPH)
Batting: LHB Patrick Milledge 0-0: Called Strike
0-1: Ball
1-1: Ground out 6-3 (Groundball, 6, EV 103.1 MPH)
Batting: RHB Reese Lewis 0-0: Ball
1-0: Called Strike
1-1: Foul Ball, location: 2F
1-2: Ball
2-2: Ball
3-2: Base on Balls
Batting: LHB José Alba 0-0: Ball
1-0: Ball
2-0: Foul Ball, location: 25FF
2-1: Ball
3-1: Reached on error, E9 (Flyball, 9LS, EV 98.8 MPH)
Reese Lewis to third
Batting: RHB Dave Baker 0-0: Ball
1-0: Called Strike
1-1: 3-RUN HOME RUN (Flyball, 7LD, EV 93.8 MPH), Distance : 343 ft
Batting: SHB Alejandro Castillo 0-0: Fly out, F9 (Line Drive, 89M, EV 90.0 MPH)
Bottom of the 7th over - 3 runs, 1 hit, 1 error, 0 left on base; Brooklyn 3 - Aberdeen 11
TOP OF THE 8TH
Brooklyn Superbas batting - Pitching for Aberdeen Cobains : RHP Lawrence Hastings
Batting: LHB Billy L Williams 0-0: Foul Ball, location: 2F
0-1: Ball
1-1: Ball
2-1: Ball
3-1: Ground out 5-3 (Groundball, 5, EV 108.8 MPH)
Pinch Hitting: RHB Richard Layard 0-0: Ball
1-0: Called Strike
1-1: Ball
2-1: Foul Ball, location: 2F
2-2: Foul Ball, location: 23F
2-2: Foul Ball, location: 3F
2-2: Foul Ball, location: 2F
2-2: Foul Ball, location: 2F
2-2: Ball
3-2: Strikes out swinging
Batting: RHB Ken Cross 0-0: SINGLE (Flyball, 78S, EV 90.6 MPH)
Batting: RHB Alvin Dickerson 0-0: Foul Ball, location: 3F
0-1: Ball
1-1: Ball
2-1: Ground out 1-3 (Groundball, 15S, EV 72.5 MPH)
Top of the 8th over - 0 runs, 1 hit, 0 errors, 1 left on base; Brooklyn 3 - Aberdeen 11
BOTTOM OF THE 8TH
Aberdeen Cobains batting - Pitching for Brooklyn Superbas : RHP Joe Ives
Now at 1B: Richard Layard
Pinch Hitting: RHB Jake Ríos 0-0: Foul Ball, location: 5FF
0-1: Foul Ball, location: 5F
0-2: Ball
1-2: Ball
2-2: Strikes out looking
Batting: LHB Kenny Cunningham 0-0: Foul Ball, location: 2F
0-1: Foul Ball, location: 7LMF
0-2: Foul Ball, location: 7LDF
0-2: Strikes out looking
Batting: RHB Chuck Douglas 0-0: Called Strike
0-1: Swinging Strike
0-2: Ground out 6-3 (Groundball, 6M, EV 106.3 MPH)
Bottom of the 8th over - 0 runs, 0 hits, 0 errors, 0 left on base; Brooklyn 3 - Aberdeen 11
TOP OF THE 9TH
Brooklyn Superbas batting - Pitching for Aberdeen Cobains : RHP Lawrence Hastings
Pitching: RHP Felipe Guerra
Now at 1B: Willis Hall
Batting: RHB Cito Gaston 0-0: Ball
1-0: Called Strike
1-1: Called Strike
1-2: Fly out, F6 (Line Drive, 6, EV 73.8 MPH)
Batting: RHB Alejandro Luna 0-0: SINGLE (Line Drive, 4MD, EV 106.9 MPH)
Pinch Hitting: RHB Kade Meeks 0-0: Ball
1-0: Foul Ball, location: 3SF
1-1: Ball
2-1: SINGLE (Groundball, 34D, EV 107.5 MPH)
Alejandro Luna to second
Alejandro Luna to third
Batting: LHB Justin Hoffman 0-0: Foul Ball, location: 2F
0-1: Ball
1-1: Fly out, F7 (Flyball, 7S, EV 91.9 MPH)
Batting: RHB Andrew Pearson 0-0: Ball
1-0: Swinging Strike
1-1: Called Strike
1-2: Ball
2-2: Strikes out swinging
Top of the 9th over - 0 runs, 2 hits, 0 errors, 2 left on base; Brooklyn 3 - Aberdeen 11
Tuesday, March 19th , 2024 - OOTP Baseball 24.8 Build 75